 Dungeon Crawl Stone Soup version bcrawl-1.21.3-16-g7f46a08de7 (webtiles) character file.

Game seed: 4719224603594738477

3749 Chiseanne the Skirmisher (level 9, 0/72 HPs)
             Began as a Mummy Archaeologist on May 2, 2020.
             Was an Initiate of Gozag.
             Slain by a spectral orc warrior
             ... wielding a +2 glaive of protection
             ... summoned by Nergalle
              (11 damage)
             ... on level 9 of the Dungeon.
             The game lasted 00:18:02 (7631 turns).

Chiseanne the Skirmisher (Mummy Archaeologist)      Turns: 7631, Time: 00:18:02

Health: 0/72       AC: 13    Str: 18    XL:     9   Next: 93%
Magic:  18/18      EV: 12    Int: 16    God:    Gozag
Gold:   444        SH:  5    Dex: 10    Spells: 8/8 levels left

rFire    . . .     SeeInvis .   a - +1 whip (elec)
rCold    . . .     Gourm    .   g - +0 buckler
rNeg     + + +     Faith    .   k - +0 scale mail
rPois    ∞         Spirit   .   c - +1 hat
rElec    .         Reflect  .   u - +0 cloak
rCorr    .         Harm     .   z - +0 pair of gloves
MR       +....     Clarity  +   d - +1 pair of boots
Stlth    +.........             f - amulet of Jirpham {Acrobat MP+9}
HPRegen  0.22/turn              l - +3 ring of strength
MPRegen  0.16/turn              t - ring of fire

@: studying Conjurations
A: no food or potions, fire vulnerability, clarity, cold resistance 1, negative
energy resistance 3, torment resistance, unbreathing
a: Potion Petition, Call Merchant, Bribe Branch, Renounce Religion


You were on level 9 of the Dungeon.
You worshipped Gozag.
Gozag was aware of your devotion.
You were not hungry.

You visited 2 branches of the dungeon, and saw 10 of its levels.

You collected 1022 gold pieces.
You paid 578 gold pieces to Gozag.

Inventory:

Hand Weapons
 a - a +1 whip of electrocution (weapon)
 s - a +1 dagger of venom
 w - a +0 blowgun
Missiles
 b - 60 needles of confusion
 j - 2555 stones (quivered)
 o - 259 bolts
 q - 168 sling bullets
 v - 45 poisoned needles
 x - a throwing net {!f}
 A - 166 tomahawks
Armour
 c - a +1 hat (worn)
 d - a +1 pair of boots (worn)
 g - a +0 buckler (worn)
 k - a +0 scale mail (worn)
 u - a +0 cloak (worn)
 z - a +0 pair of gloves (worn)
Jewellery
 f - the amulet of Jirpham (around neck) {Acrobat MP+9}
   (You acquired it on level 2 of the Dungeon)

   [amulet of the acrobat]

   It helps you evade while moving and waiting.
   It affects your magic capacity (+9).
 l - a +3 ring of strength (left hand)
 n - an uncursed ring of see invisible
 t - a ring of fire (right hand)
 y - an uncursed amulet of guardian spirit
Wands
 C - a wand of enslavement (8)
Scrolls
 e - 2 scrolls of magic mapping
 h - 5 scrolls of teleportation
 m - 2 scrolls of fear
 p - 7 scrolls of identify
 r - a scroll of blinking
 B - a scroll of immolation
Books
 i - a manual of Conjurations


   Skills:
 * Level 7.3 Fighting
 - Level 0.7 Maces & Flails
 * Level 5.7 Armour
 * Level 6.5 Dodging
 - Level 2.6 Stealth
 * Level 5.7 Shields


You had 8 spell levels left.
You didn't know any spells.
Your spell library was empty.

Dungeon Overview and Level Annotations

Branches:
Dungeon (9/12)             Temple (1/1) D:4            Lair (0/6) D:7
    Orc: D:8-11

Altars:
Cheibriados
Dithmenos
Fedhas
Gozag
Nemelex Xobeh
Okawaru
Qazlal
Ru
Sif Muna
Uskayaw
Xom

Shops:
D:4 %   D:5 (   D:6 [   D:7 (

Annotations:
D:8 Erica
D:9 3 runed translucent doors, Nergalle; Quickbrownfox's ghost, novice DsAc


Innate Abilities, Weirdness & Mutations

You do not eat or drink.
Your flesh is vulnerable to fire.
You are immune to poison.
You possess an exceptional clarity of mind.
Your flesh is cold resistant. (rC+)
You are immune to negative energy. (rN+++)
You are immune to unholy pain and torment.
You can survive without breathing.


Message History

Nergalle hits you but does no damage.
You closely miss Nergalle.
Nergalle is almost dead.
The spectral orc warrior misses you. The spectral orc barely misses you.
The spectral orc warrior hits you but does no damage.
The spectral orc warrior hits you from afar with a +2 glaive of protection!
* * * LOW HITPOINT WARNING * * *
The spectral orc warrior hits you but does no damage.
Nergalle hits you but does no damage.
You block the spectral orc warrior's attack.
You closely miss Nergalle.
Nergalle is almost dead.
You block the spectral orc warrior's attack. x2
The spectral orc warrior barely misses you.
The spectral orc hits you but does no damage.
The spectral orc warrior hits you but does no damage.
Nergalle hits you but does no damage.
The spectral orc warrior hits you from afar with a +2 glaive of protection!
You die...
Your body crumbles into a pile of gold.

#....#.......#
#....##Z....##
#....#ZWZZ...#
###'####+++####
#............#
#....#.......#
+....#Z.Z....#
#....#ZZZ....#
####+#@ZZ......
.....ZoZZ.######
.....hZo..#
..........#
..........#
.##########


You could see Nergalle, 3 spectral orcs, 7 spectral orc warriors, a spectral orc
warlord, a spectral centaur warrior, a warg, Quickbrownfox's ghost, a centaur
warrior simulacrum, an orc, a centaur warrior zombie and a meliai zombie.

Vanquished Creatures
  Pikel (D:5)
  2 centaur skeletons (D:6)
  A troll (D:6)
  2 yaks (D:7)
  Sigmund (D:2)
  2 porcupines (D:7)
  2 ice beasts (D:5)
  2 sky beasts
  2 slaves (D:5)
  4 ogres
  2 centaurs (D:5)
  6 bullfrogs
  A wyvern skeleton (D:7)
  3 scorpions
  2 crimson imps
  A quasit (D:7)
  A bullfrog skeleton (D:6)
  A hound (D:5)
  2 orc wizards (D:6)
  Jessica (D:2)
  5 worker ants
  A hound zombie (D:6)
  A hound skeleton (D:5)
  A howler monkey zombie (D:3)
  A worker ant zombie (D:7)
  4 gnolls (D:7)
  3 adders
  A shadow imp (D:8)
  3 oozes
  2 worms (D:2)
  6 leopard geckos
  7 orcs
  6 bats
  A giant cockroach (D:2)
  11 goblins
  8 hobgoblins
  16 jackals
  12 kobolds
  2 quokkas
  3 ball pythons
  4 frilled lizards
  A leopard gecko skeleton (D:5)
  5 rats
143 creatures vanquished.

Vanquished Creatures (others)
  A phantom (D:5)
  An adder (D:5)
  A dart slug (D:5)
  12 fungi (D:7)
  3 plants (D:7)
18 creatures vanquished.

Grand Total: 161 creatures vanquished

Notes
Turn   | Place    | Note
-------+----------+-------------------------------------------
     0 | D:1      | Chiseanne the Mummy Archaeologist began the quest for the
                  | Orb.
     0 | D:1      | Reached XP level 1. HP: 15/15 MP: 1/1
   164 | D:1      | Reached XP level 2. HP: 15/21 MP: 2/2
   883 | D:2      | Reached skill level 2 in Fighting
   919 | D:2      | Reached XP level 3. HP: 26/27 MP: 3/3
  1041 | D:2      | Noticed Sigmund
  1058 | D:2      | Killed Sigmund
  1058 | D:2      | Reached skill level 1 in Armour
  1058 | D:2      | Reached skill level 1 in Shields
  1058 | D:2      | Reached XP level 4. HP: 26/34 MP: 4/4
  1058 | D:2      | Reached XP level 5. HP: 30/40 MP: 5/5
  1058 | D:2      | Identified a scroll of acquirement
  1060 | D:2      | Reached skill level 3 in Fighting
  1169 | D:2      | Identified the +0 pair of boots "Uczo" {rPois rC+ MR+
                  | Regen+} (You acquired it on level 2 of the Dungeon)
  1169 | D:2      | Identified the amulet of Jirpham {Acrobat MP+9} (You
                  | acquired it on level 2 of the Dungeon)
  1317 | D:2      | Noticed Jessica
  1355 | D:2      | Killed Jessica
  1924 | D:3      | Reached XP level 6. HP: 40/47 MP: 6/6
  2548 | D:4      | Found a staircase to the Ecumenical Temple.
  2574 | Temple   | Entered the Ecumenical Temple
  2579 | Temple   | Became a worshipper of Gozag Ym Sagoz the Greedy
  2767 | D:4      | Found a shadowy altar of Dithmenos.
  2777 | D:4      | Found a hide-covered altar of Uskayaw.
  3002 | D:4      | Found Inudd's Food Shoppe.
  3053 | D:4      | Reached XP level 7. HP: 53/53 MP: 7/7
  3457 | D:5      | Entered Level 5 of the Dungeon
  3498 | D:5      | Noticed Pikel
  3503 | D:5      | Reached skill level 4 in Fighting
  3557 | D:5      | Killed Pikel
  3557 | D:5      | Reached XP level 8. HP: 46/61 MP: 8/8
  3650 | D:5      | Found a snail-covered altar of Cheibriados.
  3705 | D:5      | Reached skill level 5 in Fighting
  4006 | D:5      | Reached skill level 5 in Dodging
  4242 | D:5      | Found Ditonoag's Weapon Emporium.
  4549 | D:6      | Found Halus's Armour Emporium.
  4579 | D:6      | Found a sacrificial altar of Ru.
  4600 | D:6      | Reached skill level 6 in Fighting
  4863 | D:6      | Reached XP level 9. HP: 69/69 MP: 9/9
  5197 | D:7      | Found a staircase to the Lair.
  5465 | D:7      | Noticed a troll
  5504 | D:6      | Killed a troll
  5504 | D:6      | Reached skill level 5 in Armour
  5715 | D:6      | Identified the ring of Starshine {rC+ Str+6 Int-5} (You
                  | acquired it on level 6 of the Dungeon)
  5761 | D:7      | Reached skill level 5 in Shields
  6256 | D:7      | Reached skill level 7 in Fighting
  7280 | D:8      | Noticed Erica
  7529 | D:8      | Noticed a two-headed ogre
  7582 | D:9      | Found a runed translucent gate.
  7582 | D:9      | Found a runed translucent gate.
  7582 | D:9      | Found a runed translucent gate.
  7583 | D:9      | Noticed Quickbrownfox's ghost (novice DsAc)
  7583 | D:9      | Noticed a spectral centaur warrior
  7590 | D:9      | Noticed Nergalle
  7615 | D:9      | Noticed a spectral orc warlord
  7631 | D:9      | Slain by a spectral orc warrior

Skill      XL: |  1  2  3  4  5  6  7  8  9 |
---------------+----------------------------+-----
Fighting       | 2 3 4 6 7 |  7.3
Armour         | 1 2 3 4 5 |  5.7
Dodging        | 3 4 5 6 |  6.5
Shields        | 1 2 3 4 5 |  5.7
Maces & Flails | |  0.7
Stealth        | |  2.6

Action                   |  1- 3 |  4- 6 |  7- 9 || total
-------------------------+-------+-------+-------++-------
Melee: Whip              |    56 |   108 |   199 ||   363
       Dagger            |    62 |   111 |   185 ||   358
 Fire: Blowgun           |       |    18 |    46 ||    64
Throw: Stone             |       |       |     1 ||     1
Invok: Call Merchant     |       |       |     1 ||     1
  Use: Scroll            |     3 |     2 |    12 ||    17
 Stab: Sleeping          |     1 |       |       ||     1
       Confused          |       |     2 |       ||     2
Armor: Robe              |    22 |       |       ||    22
       Scale mail        |    44 |    75 |   225 ||   344
Dodge: Dodged            |    70 |   107 |   303 ||   480
Block: Buckler           |     1 |    39 |   101 ||   141
